[Event "14th Chennai GM Open 2023"]
[Site "Chennai"]
[Date "2024.01.01"]
[Round "3.6"]
[White "Viani Antonio Dcunha"]
[Black "Raihaan Zahid"]
[Result "1-0"]
[ECO "E04"]
[WhiteElo "2407"]
[BlackElo "1839"]
[Annotator "RC"]
[PlyCount "65"]
[EventDate "2023.12.31"]
[EventType "swiss"]
[EventCountry "IND"]
[SourceTitle "playchess.com"]
[Source "ChessBase"]
[SourceQuality "1"]
[TimeControl "5400+30"]

1. d4 Nf6 2. c4 e6 3. g3 d5 4. Nf3 dxc4 5. Bg2 c5 6. O-O Nc6 7. Qa4 Bd7 8. Qxc4 b5 9. Qc3 b4 10. Qd3 Rc8 11. dxc5 Bxc5 12. Nbd2 O-O 13. Nb3 Be7 14. Be3 Nd5 15. Bc5 Bxc5 16. Nxc5 Qe7 17. Rac1 Rfd8 18. Nb7 Rf8 19. Rfd1 Nb8 20. e4 Nb6 21. Nd6 Rxc1 22. Rxc1 Bc6 23. Ne5 Ba8 24. Rd1 N8d7 25. Nec4 Qg5 26. Qd4 Nxc4 27. Nxc4 Nf6 28. Ne5 a5 29. h4 Qh6 30. Bf3 g5 31. Qe3 Qg7 32. hxg5 Nh5 33. Nd7 1-0

[Event "14th Chennai GM Open 2023"]
[Site "Chennai"]
[Date "2024.01.01"]
[Round "3.7"]
[White "Sharnarthi Shlok"]
[Black "Nitin, S.."]
[Result "1-0"]
[ECO "B06"]
[WhiteElo "1832"]
[BlackElo "2385"]
[Annotator "RC"]
[PlyCount "91"]
[EventDate "2023.12.31"]
[EventType "swiss"]
[EventCountry "IND"]
[SourceTitle "playchess.com"]
[Source "ChessBase"]
[SourceQuality "1"]
[TimeControl "5400+30"]

1. e4 g6 2. d4 Bg7 3. Nf3 c6 4. Bd3 d6 5. O-O Bg4 6. c3 Nd7 7. Nbd2 Ngf6 8. h3 Bxf3 9. Nxf3 e5 10. dxe5 dxe5 11. Bc2 Qe7 12. b4 O-O 13. a4 Nh5 14. g3 Kh8 15. Rb1 b5 16. Qe2 a6 17. c4 bxc4 18. Qxc4 f5 19. Bg5 Bf6 20. Bxf6+ Rxf6 21. Rfe1 Ng7 22. Qc3 Re8 23. Rbd1 f4 24. g4 g5 25. Bb3 h6 26. Rd3 c5 27. bxc5 Nxc5 28. Rd5 Nxb3 29. Qxb3 Re6 30. Rc1 h5 31. Qd3 Qf6 32. Kg2 R8e7 33. Rc8+ Kh7 34. Ra8 Ne8 35. Rd7 hxg4 36. hxg4 Kh6 37. Rdd8 Qg6 38. Nd2 Kg7 39. a5 Nf6 40. f3 Ne8 41. Nc4 Qh6 42. Rd7 Nf6 43. Rxe7+ Rxe7 44. Nd6 Rd7 45. Nf5+ Kg6 46. Qxd7 1-0

[Event "14th Chennai GM Open 2023"]
[Site "Chennai"]
[Date "2024.01.01"]
[Round "3.8"]
[White "Tologon tegin, Semetei"]
[Black "Om Nagnath Lamkane"]
[Result "1-0"]
[ECO "A05"]
[WhiteElo "2384"]
[BlackElo "1821"]
[Annotator "RC"]
[PlyCount "59"]
[EventDate "2023.12.31"]
[EventType "swiss"]
[EventCountry "IND"]
[SourceTitle "playchess.com"]
[Source "ChessBase"]
[SourceQuality "1"]
[TimeControl "5400+30"]

1. Nf3 Nf6 2. g3 g6 3. b3 Bg7 4. Bb2 O-O 5. Bg2 c5 6. c4 Nc6 7. O-O d5 8. cxd5 Nxd5 9. Bxg7 Kxg7 10. d4 cxd4 11. Nxd4 Nxd4 12. Qxd4+ Nf6 13. Qe5 Qb6 14. Nc3 Be6 15. Na4 Qb4 16. Nc5 Bd5 17. Qxe7 Qb6 18. Bxd5 Rae8 19. Ne6+ Kg8 20. Qxf6 fxe6 21. Bxe6+ Rxe6 22. Qb2 Ref6 23. e3 g5 24. Rad1 Qe6 25. Qd4 Rc8 26. Qxa7 Rh6 27. Qxb7 Qh3 28. Qg2 Qh5 29. Rd7 Kh8 30. Rfd1 1-0

[Event "14th Chennai GM Open 2023"]
[Site "Chennai"]
[Date "2024.01.01"]
[Round "3.9"]
[White "Shah Jeet"]
[Black "Podolchenko, Evgeniy"]
[Result "1/2-1/2"]
[ECO "C12"]
[WhiteElo "1830"]
[BlackElo "2376"]
[Annotator "RC"]
[PlyCount "61"]
[EventDate "2023.12.31"]
[EventType "swiss"]
[EventCountry "IND"]
[SourceTitle "playchess.com"]
[Source "ChessBase"]
[SourceQuality "1"]
[TimeControl "5400+30"]

1. e4 e6 2. d4 d5 3. Nc3 Nf6 4. Bg5 Bb4 5. e5 h6 6. Bd2 Bxc3 7. bxc3 Ne4 8. Qg4 Kf8 9. Bd3 Nxd2 10. Kxd2 c5 11. Nf3 c4 12. Be2 Nc6 13. h4 b5 14. a3 a5 15. Qf4 Bd7 16. Rhb1 Rb8 17. Qe3 Qe7 18. g4 Ke8 19. h5 Kd8 20. Rg1 Kc7 21. g5 b4 22. axb4 axb4 23. gxh6 gxh6 24. cxb4 Rxb4 25. Rgb1 Rhb8 26. Rxb4 Qxb4+ 27. Qc3 Qf8 28. Qa3 Qxa3 29. Rxa3 Rg8 30. Ra1 Rg2 31. c3 1/2-1/2

[Event "14th Chennai GM Open 2023"]
[Site "Chennai"]
[Date "2024.01.01"]
[Round "3.10"]
[White "Shahil Dey"]
[Black "Mhamane Sourabh"]
[Result "1-0"]
[ECO "B48"]
[WhiteElo "2368"]
[BlackElo "1789"]
[Annotator "RC"]
[PlyCount "65"]
[EventDate "2023.12.31"]
[EventType "swiss"]
[EventCountry "IND"]
[SourceTitle "playchess.com"]
[Source "ChessBase"]
[SourceQuality "1"]
[TimeControl "5400+30"]

1. e4 c5 2. Nc3 e6 3. Nge2 Nc6 4. d4 cxd4 5. Nxd4 Qc7 6. Be3 a6 7. g4 b5 8. Nxc6 Qxc6 9. Qd2 Bb7 10. O-O-O Nf6 11. f3 h6 12. Ne2 Qc7 13. Nd4 Rc8 14. Bd3 Bc5 15. Rhe1 Qb6 16. Bf1 b4 17. h4 Qc7 18. Kb1 d6 19. g5 hxg5 20. hxg5 Nd7 21. Nb3 Bxe3 22. Rxe3 Ne5 23. Nd4 Qc5 24. c3 bxc3 25. Rxc3 Qa7 26. Nf5 exf5 27. Qxd6 Qb8 28. Rxc8+ Qxc8 29. Qxe5+ Kf8 30. g6 fxg6 31. Bc4 Bc6 32. Qd6+ Ke8 33. Qxg6+ 1-0

[Event "14th Chennai GM Open 2023"]
[Site "Chennai"]
[Date "2024.01.01"]
[Round "3.11"]
[White "Hari Ganesh T"]
[Black "Khusenkhojaev, Muhammad"]
[Result "0-1"]
[ECO "C47"]
[WhiteElo "1761"]
[BlackElo "2366"]
[Annotator "RC"]
[PlyCount "120"]
[EventDate "2023.12.31"]
[EventType "swiss"]
[EventCountry "IND"]
[SourceTitle "playchess.com"]
[Source "ChessBase"]
[SourceQuality "1"]
[TimeControl "5400+30"]

1. e4 e5 2. Nf3 Nc6 3. Nc3 Nf6 4. d4 exd4 5. Nxd4 Bb4 6. Nxc6 bxc6 7. Bd3 d5 8. exd5 O-O 9. O-O cxd5 10. Bg5 c6 11. Qf3 a5 12. Ne2 Bg4 13. Bxf6 Bxf3 14. Bxd8 Bxe2 15. Bxe2 Rfxd8 16. a4 Rab8 17. Bf3 Kf8 18. Rfd1 Ke7 19. Rd3 f5 20. Rad1 Rd6 21. Kf1 g6 22. Rb3 Rdd8 23. Re3+ Kf6 24. Red3 Rdc8 25. c4 dxc4 26. Rd4 Bf8 27. Rxc4 c5 28. Rd2 Rb6 29. Bd1 Rb4 30. Be2 Rcb8 31. Rxb4 Rxb4 32. Bb5 Ke5 33. g3 g5 34. Ke1 c4 35. Re2+ Kd5 36. Rd2+ Kc5 37. Kd1 Bg7 38. Kc1 Bd4 39. Re2 Kd5 40. f4 gxf4 41. gxf4 Rb3 42. Bd7 Be3+ 43. Kc2 Ke4 44. Be6 Kxf4 45. Bxc4 Rb6 46. Bd3 Kf3 47. Re1 Rf6 48. Rf1+ Bf2 49. b4 axb4 50. Kb3 h5 51. a5 Kg2 52. Kxb4 f4 53. a6 Rf7 54. Ra1 f3 55. Bg6 Rf4+ 56. Kb5 Ba7 57. Ra2+ f2 58. Bd3 h4 59. Kc6 Kg1 60. Kb7 Rf7+ 0-1

[Event "14th Chennai GM Open 2023"]
[Site "Chennai"]
[Date "2024.01.01"]
[Round "3.12"]
[White "Kavin Mohan"]
[Black "Manish Anto Cristiano F"]
[Result "1/2-1/2"]
[ECO "E48"]
[WhiteElo "1751"]
[BlackElo "2349"]
[Annotator "RC"]
[PlyCount "61"]
[EventDate "2023.12.31"]
[EventType "swiss"]
[EventCountry "IND"]
[SourceTitle "playchess.com"]
[Source "ChessBase"]
[SourceQuality "1"]
[TimeControl "5400+30"]

1. d4 Nf6 2. c4 e6 3. Nc3 Bb4 4. e3 O-O 5. Bd3 d5 6. Nge2 c5 7. O-O b6 8. cxd5 cxd4 9. exd4 Nxd5 10. Nxd5 exd5 11. Bf4 Bb7 12. Rc1 Bd6 13. Bxd6 Qxd6 14. Nc3 Nc6 15. Qh5 f5 16. Qh4 Kh8 17. a3 Rf6 18. Ne2 Raf8 19. Rfe1 h6 20. Qf4 Qxf4 21. Nxf4 Nxd4 22. Rc7 R8f7 23. Ng6+ Kh7 24. Ne7 Re6 25. Rxe6 Nxe6 26. Rxb7 Nc5 27. Bxf5+ Rxf5 28. Nxf5 Nxb7 29. Kf1 Na5 30. Ne3 d4 31. Nc2 1/2-1/2

[Event "14th Chennai GM Open 2023"]
[Site "Chennai"]
[Date "2024.01.01"]
[Round "3.13"]
[White "Jyotshnav Talukdar"]
[Black "Manik, Mikulas"]
[Result "0-1"]
[ECO "A45"]
[WhiteElo "1744"]
[BlackElo "2343"]
[Annotator "RC"]
[PlyCount "120"]
[EventDate "2023.12.31"]
[EventType "swiss"]
[EventCountry "IND"]
[SourceTitle "playchess.com"]
[Source "ChessBase"]
[SourceQuality "1"]
[TimeControl "5400+30"]

1. d4 Nf6 2. Bf4 c5 3. e3 d6 4. Nf3 g6 5. Nc3 Bg7 6. dxc5 Qa5 7. Qd2 Qxc5 8. e4 O-O 9. Be3 Qb4 10. a3 Qxb2 11. Ra2 Nxe4 12. Rxb2 Bxc3 13. Qxc3 Nxc3 14. Bd3 Nc6 15. O-O b6 16. Rb3 Nd5 17. Bh6 Rd8 18. Be4 e6 19. Bg5 Re8 20. Bxd5 exd5 21. Rd1 Ba6 22. Re3 Rxe3 23. fxe3 Bc4 24. Bf6 Re8 25. Kf2 Ne5 26. Nxe5 dxe5 27. g4 Re6 28. g5 h5 29. h4 e4 30. Kg3 b5 31. Rb1 Ra6 32. Bb2 Kf8 33. Bd4 Ke7 34. c3 Kd6 35. Rb2 Ke7 36. Rf2 Ke8 37. Bc5 Bd3 38. Rf6 Rxf6 39. gxf6 Kd7 40. Kf4 Ke6 41. Kg5 a6 42. Bf8 Be2 43. Bc5 Bg4 44. Bb4 Bf5 45. Be7 Kd7 46. Kf4 Be6 47. Bb4 Kc6 48. Be7 Kb6 49. Bf8 Ka5 50. Ke5 Ka4 51. Kd4 Kb3 52. Bb4 g5 53. hxg5 h4 54. Bd6 h3 55. Bh2 Bf5 56. Kxd5 Kxa3 57. Kc5 Kb3 58. Be5 a5 59. Kxb5 a4 60. c4 a3 0-1

[Event "14th Chennai GM Open 2023"]
[Site "Chennai"]
[Date "2024.01.01"]
[Round "3.14"]
[White "Laxman, R.R."]
[Black "Sushanth Kamabathula"]
[Result "1-0"]
[ECO "A12"]
[WhiteElo "2338"]
[BlackElo "1742"]
[Annotator "RC"]
[PlyCount "133"]
[EventDate "2023.12.31"]
[EventType "swiss"]
[EventCountry "IND"]
[SourceTitle "playchess.com"]
[Source "ChessBase"]
[SourceQuality "1"]
[TimeControl "5400+30"]

1. Nf3 Nf6 2. b3 d5 3. Bb2 Bf5 4. e3 e6 5. Be2 h6 6. c4 c6 7. O-O Bd6 8. d3 Bh7 9. Nbd2 Qe7 10. Ne5 Bxe5 11. Bxe5 Nbd7 12. Bc3 O-O 13. b4 e5 14. Re1 Rfd8 15. Qb3 Nf8 16. c5 d4 17. exd4 exd4 18. Bb2 Ne6 19. Nc4 Nf4 20. Bf1 Qd7 21. Ne5 Qd5 22. g3 Qxb3 23. axb3 N4d5 24. b5 cxb5 25. c6 b6 26. Bh3 Nc7 27. Nd7 Nfd5 28. Bxd4 f6 29. Re2 Bg6 30. Bg2 Bf5 31. Rea2 Bxd7 32. cxd7 Rxd7 33. Rxa7 Rxa7 34. Rxa7 Rd6 35. Be4 Ne6 36. Be3 Nxe3 37. fxe3 Kf8 38. d4 Nd8 39. Bd3 Nc6 40. Ra8+ Rd8 41. Rxd8+ Nxd8 42. Bxb5 Ke7 43. Kf2 Nb7 44. e4 Nd6 45. Bd3 Ke6 46. Ke3 Nc8 47. Bc4+ Kd6 48. b4 Ne7 49. b5 Nc8 50. Kf4 Ne7 51. Bf7 Nc8 52. h4 Ne7 53. h5 Nc8 54. Bc4 Ne7 55. Bf1 Ke6 56. Bh3+ Kd6 57. Bf5 Ng8 58. d5 Ne7 59. Be6 Kc5 60. e5 g5+ 61. Ke4 f5+ 62. Bxf5 Nxd5 63. Bd7 Ne7 64. g4 Ng8 65. Kf5 Ne7+ 66. Ke6 Nd5 67. Kf7 1-0

[Event "14th Chennai GM Open 2023"]
[Site "Chennai"]
[Date "2024.01.02"]
[Round "4.1"]
[White "Aronyak Ghosh"]
[Black "Elgabry, Mohsen"]
[Result "1/2-1/2"]
[ECO "A13"]
[WhiteElo "2545"]
[BlackElo "2160"]
[Annotator "TA"]
[PlyCount "104"]
[EventDate "2023.12.31"]
[EventType "swiss"]
[EventCountry "IND"]
[SourceTitle "playchess.com"]
[Source "ChessBase"]
[SourceQuality "1"]
[TimeControl "5400+30"]

1. Nf3 Nf6 2. c4 e6 3. b3 Be7 4. Bb2 b6 5. d3 d5 6. cxd5 {[%emt 1:16:18] A13: English Opening: 1...e6.} exd5 {[%emt 0:00:33] [#]} 7. e3 $146 ({Predecessor:} 7. Nbd2 O-O 8. g3 Bb7 9. Bg2 Nbd7 10. O-O c5 11. e3 Re8 12. Rc1 Ba6 13. Qc2 {0-1 Halpert,S (2034)-Balazs,I (2133) HUN-chT2 Asztalos 0304 2003 (6)}) 7... O-O 8. Be2 Bb7 9. O-O Nbd7 10. Nbd2 Re8 11. Rc1 c5 12. d4 a6 13. dxc5 bxc5 14. Ne5 Bd6 15. Nxd7 Nxd7 16. Bf3 Qb8 17. g3 Be5 (17... Ne5 $11 {keeps the balance.}) 18. Bxe5 Rxe5 19. Bg2 a5 (19... Qc7 $14) 20. Bh3 $16 Re6 21. Bxe6 fxe6 {[%emt 0:06:07] [#]} 22. e4 $1 Qd6 (22... d4 23. f4) 23. Re1 d4 24. Nc4 Qc7 25. Qg4 Re8 26. Qf4 e5 27. Qd2 Ra8 28. f3 Bc6 29. Rc2 Bb5 30. Rec1 h6 31. Kg2 Ra6 32. a3 (32. Na3 $18 Qc6 33. Rb2) 32... Qa7 $2 (32... Kh8 $16 {was worth a try.} 33. b4 axb4) 33. b4 (33. Nxe5 $142 Nxe5 34. Rxc5 Nxf3 {[%mdl 64] Decoy} 35. Kxf3 (35. Rc8+ Kh7 $16) 35... Rf6+ 36. Kg2 Bf1+ 37. Kg1) 33... axb4 $18 34. axb4 Kh7 35. bxc5 Qxc5 {[%emt 0:00:08] [#]} 36. Na5 $1 Qb6 37. Ra2 Qe6 38. Rb2 Rb6 39. Rcb1 Ba6 40. Rxb6 Nxb6 41. Qb2 Nc4 42. Nxc4 Qxc4 {[%emt 0:00:07][%mdl 4096] Endgame KQR-KQB} 43. Rc1 Qd3 44. Re1 Bb5 45. Qf2 Qc3 46. Rb1 Qc4 47. Qb2 Ba6 48. h4 Qd3 49. h5 Qe3 {[%emt 0:00:32] ...Be2 would be deadly.} 50. Qb6 $2 ({Better is} 50. Qa2 $18 Qc3 51. Rd1 (51. Qxa6 Qc2+ 52. Kh3 Qxb1 $11) (51. Rb8 Bc4 $18)) 50... Qe2+ $11 {[%emt 0:00:52] The position is equal.} 51. Kg1 Qe3+ 52. Kg2 {[%emt 0:00:45] Intending Qg6+ and mate.} Qe2+ {[%emt 0:00:08] Weighted Error Value: White=0.21 (precise) /Black=0.19 (very precise)} 1/2-1/2

[Event "14th Chennai GM Open 2023"]
[Site "Chennai"]
[Date "2024.01.02"]
[Round "4.2"]
[White "Fedorov, Alexei"]
[Black "Murali Krishnan B T"]
[Result "1-0"]
[ECO "C10"]
[WhiteElo "2454"]
[BlackElo "2181"]
[Annotator "RC"]
[PlyCount "97"]
[EventDate "2023.12.31"]
[EventType "swiss"]
[EventCountry "IND"]
[SourceTitle "playchess.com"]
[Source "ChessBase"]
[SourceQuality "1"]
[TimeControl "5400+30"]

1. e4 e6 2. d4 d5 3. Nc3 dxe4 4. Nxe4 Bd7 5. Nf3 Bc6 6. Bd3 Nd7 7. O-O Be7 8. c3 Ngf6 9. Nxf6+ Bxf6 10. Re1 O-O 11. Bf4 Re8 12. Ne5 Bxe5 13. Bxe5 Nxe5 14. Rxe5 Qf6 15. Qg4 Red8 16. Qg3 Rd6 17. Rae1 Rad8 18. h4 h6 19. f4 Bd7 20. Rf1 c6 21. Qe1 Rd5 22. Qe4 Kf8 23. Bc4 Rd6 24. Qh7 Qg6 25. Qxg6 fxg6 26. Rfe1 Kf7 27. a4 Rf8 28. Kf2 Ke7 29. Kf3 b6 30. b4 Kf6 31. g4 Rc8 32. R1e3 Rf8 33. Kg3 Rh8 34. Bb3 Ra8 35. b5 cxb5 36. axb5 a6 37. d5 Ke7 38. bxa6 Rxa6 39. f5 gxf5 40. gxf5 b5 41. fxe6 Be8 42. R5e4 Ra1 43. Rg4 g6 44. Rb4 Rb1 45. Kf4 Rf1+ 46. Ke5 Ra6 47. c4 Rf5+ 48. Kd4 Ra1 49. c5 1-0

[Event "14th Chennai GM Open 2023"]
[Site "Chennai"]
[Date "2024.01.02"]
[Round "4.3"]
[White "Rohit S"]
[Black "Glek, Igor"]
[Result "0-1"]
[ECO "B28"]
[WhiteElo "2174"]
[BlackElo "2429"]
[Annotator "RC"]
[PlyCount "120"]
[EventDate "2023.12.31"]
[EventType "swiss"]
[EventCountry "IND"]
[SourceTitle "playchess.com"]
[Source "ChessBase"]
[SourceQuality "1"]
[TimeControl "5400+30"]

1. e4 c5 2. Nf3 a6 3. c4 Nc6 4. d4 cxd4 5. Nxd4 e5 6. Nf5 d6 7. Ne3 Nf6 8. Nc3 g6 9. Be2 Bg7 10. O-O O-O 11. Qd3 Nd4 12. Nc2 Nd7 13. Be3 Nc5 14. Qd2 Nxc2 15. Qxc2 Ne6 16. Bf3 Nd4 17. Bxd4 exd4 18. Ne2 d3 19. Qxd3 Bxb2 20. Rad1 Be5 21. c5 Qf6 22. cxd6 Rd8 23. Qb3 Rxd6 24. Rxd6 Qxd6 25. Rd1 Be6 26. Rxd6 Bxb3 27. Rd2 Bc4 28. Nc1 b5 29. Be2 Be6 30. Nd3 Rd8 31. Rc2 Bd6 32. Kf1 a5 33. e5 Bf8 34. Nf4 Bf5 35. Rc7 Bh6 36. g3 Bxf4 37. gxf4 Rb8 38. Ke1 Be6 39. Rc5 Bxa2 40. Bxb5 Be6 41. Bc6 Rc8 42. Rc2 Bb3 43. Rb2 a4 44. Bb5 Rc3 45. Kd2 Rf3 46. Ke2 a3 47. Rb1 a2 48. Ra1 Rxf4 49. Bd3 g5 50. f3 h6 51. h3 Bd5 52. Be4 Bxe4 53. fxe4 Rxe4+ 54. Kf3 Ra4 55. h4 g4+ 56. Kg3 h5 57. Kg2 Ra3 58. Kf2 Kf8 59. Kg2 Ke7 60. Kf2 Ke6 0-1

[Event "14th Chennai GM Open 2023"]
[Site "Chennai"]
[Date "2024.01.02"]
[Round "4.4"]
[White "Matta, Vinay Kumar"]
[Black "Viani Antonio Dcunha"]
[Result "1/2-1/2"]
[ECO "C78"]
[WhiteElo "2132"]
[BlackElo "2407"]
[Annotator "RC"]
[PlyCount "137"]
[EventDate "2023.12.31"]
[EventType "swiss"]
[EventCountry "IND"]
[SourceTitle "playchess.com"]
[Source "ChessBase"]
[SourceQuality "1"]
[TimeControl "5400+30"]

1. e4 e5 2. Nf3 Nc6 3. Bb5 a6 4. Ba4 Nf6 5. O-O Bc5 6. c3 b5 7. Bc2 d6 8. d4 Bb6 9. dxe5 Nxe5 10. Nxe5 dxe5 11. Qxd8+ Kxd8 12. Bg5 Ke7 13. Nd2 h6 14. Bh4 g5 15. Bg3 Nd7 16. Rfe1 f6 17. Nf1 Rd8 18. Ne3 Bxe3 19. Rxe3 Nc5 20. f3 Be6 21. b3 a5 22. Re2 a4 23. Bf2 Nd3 24. Rd1 axb3 25. axb3 Nxf2 26. Kxf2 Rxd1 27. Bxd1 Ra1 28. Rd2 c5 29. Be2 Rb1 30. Bxb5 Rxb3 31. c4 Rc3 32. Ra2 Bxc4 33. Ra7+ Kd8 34. Bxc4 Rxc4 35. Rf7 Rc2+ 36. Kg3 c4 37. Rxf6 Kd7 38. Rxh6 Rd2 39. Ra6 c3 40. Ra3 Rd3 41. Kf2 Kc6 42. Ke2 Rd2+ 43. Ke3 Rxg2 44. Rxc3+ Kd6 45. Rd3+ Ke6 46. Rd2 Rg1 47. Kf2 Rh1 48. Kg2 Re1 49. Kg3 Rg1+ 50. Rg2 Rf1 51. Kg4 Kf6 52. Rb2 Rg1+ 53. Kh5 Rf1 54. Rb6+ Kf7 55. Kg4 Rf2 56. Ra6 Rxh2 57. Kf5 Rf2 58. Rf6+ Ke7 59. Kxe5 Rf1 60. Rf5 Rf2 61. Rxg5 Rxf3 62. Rg7+ Kf8 63. Ra7 Rb3 64. Kd5 Rb6 65. e5 Ke8 66. Kc5 Re6 67. Ra8+ Kd7 68. Kd5 Rd6+ 69. exd6 1/2-1/2

[Event "14th Chennai GM Open 2023"]
[Site "Chennai"]
[Date "2024.01.02"]
[Round "4.5"]
[White "Jaiswal, Rupesh"]
[Black "Tologon tegin, Semetei"]
[Result "1/2-1/2"]
[ECO "B15"]
[WhiteElo "2009"]
[BlackElo "2384"]
[Annotator "RC"]
[PlyCount "168"]
[EventDate "2023.12.31"]
[EventType "swiss"]
[EventCountry "IND"]
[SourceTitle "playchess.com"]
[Source "ChessBase"]
[SourceQuality "1"]
[TimeControl "5400+30"]

1. e4 g6 2. d4 Bg7 3. Nc3 c6 4. Be3 d5 5. e5 Nh6 6. f4 Qb6 7. Na4 Qa5+ 8. c3 Bf5 9. Be2 Be4 10. Nf3 Nf5 11. Bf2 Bxf3 12. Bxf3 h5 13. O-O e6 14. b4 Qc7 15. Nc5 Nd7 16. Nxd7 Qxd7 17. Be2 Bf8 18. Bd3 Be7 19. Qb3 O-O 20. Bxf5 exf5 21. Rab1 b5 22. a4 a5 23. axb5 cxb5 24. bxa5 Rxa5 25. Ra1 Ra4 26. Rab1 Rb8 27. Rfc1 Rb7 28. Qd1 Qc6 29. Rb3 Rc4 30. Qd3 b4 31. Rcb1 Kh7 32. Be1 Qb6 33. Bf2 Qa7 34. g3 Rb5 35. Kg2 Qa2 36. R1b2 Qa4 37. cxb4 Rbxb4 38. Rxb4 Bxb4 39. Qf3 Qc6 40. Rb1 Rc3 41. Qe2 Rc2 42. Qd3 Rd2 43. Qb3 Bc3 44. Rd1 Rb2 45. Qa3 Qc7 46. Rc1 Rxf2+ 47. Kxf2 Bxd4+ 48. Kg2 Qb7 49. Rd1 Ba7 50. Qf3 Qb2+ 51. Kh3 d4 52. Qg2 Qb3 53. Ra1 Bc5 54. Qa2 Qxa2 55. Rxa2 Bb4 56. Ra7 Kg8 57. Ra8+ Kg7 58. Rd8 Bc3 59. Kg2 Bb2 60. Kf3 Bc3 61. Ke2 Ba1 62. Kd3 Bc3 63. Kc4 Bb2 64. Kd5 h4 65. e6 fxe6+ 66. Kxe6 hxg3 67. hxg3 Bc3 68. Rd7+ Kh6 69. Kf7 Kh5 70. Rd6 Kg4 71. Kxg6 Be1 72. Rxd4 Bxg3 73. Rd5 Bxf4 74. Rxf5 Be3 75. Ra5 Bf2 76. Ra4+ Kg3 77. Kf5 Bc5 78. Rc4 Bb6 79. Rc3+ Kg2 80. Kf4 Ba7 81. Rc2+ Kh1 82. Kf3 Bb6 83. Kg3 Ba7 84. Rb2 Bc5 1/2-1/2

[Event "14th Chennai GM Open 2023"]
[Site "Chennai"]
[Date "2024.01.02"]
[Round "4.6"]
[White "Aakash G"]
[Black "Shahil Dey"]
[Result "1/2-1/2"]
[ECO "E32"]
[WhiteElo "1823"]
[BlackElo "2368"]
[Annotator "RC"]
[PlyCount "63"]
[EventDate "2023.12.31"]
[EventType "swiss"]
[EventCountry "IND"]
[SourceTitle "playchess.com"]
[Source "ChessBase"]
[SourceQuality "1"]
[TimeControl "5400+30"]

1. d4 Nf6 2. c4 e6 3. Nc3 Bb4 4. Qc2 O-O 5. a3 Bxc3+ 6. Qxc3 b6 7. Bg5 Bb7 8. e3 d6 9. f3 Nbd7 10. Bd3 c5 11. Ne2 h6 12. Bh4 Rc8 13. O-O d5 14. cxd5 cxd4 15. Qxd4 e5 16. Bxf6 Qxf6 17. Qg4 Nc5 18. Bc4 b5 19. Bxb5 Qb6 20. Bc4 Na4 21. Ng3 Nxb2 22. Nf5 Qf6 23. Ba2 Ba6 24. Rfc1 Nd3 25. Rd1 g6 26. Ng3 Qb6 27. Nf1 Rc2 28. Bb1 Rc4 29. Qh3 Nf4 30. Qxh6 Ne2+ 31. Kh1 Nc3 32. d6 1/2-1/2

[Event "14th Chennai GM Open 2023"]
[Site "Chennai"]
[Date "2024.01.02"]
[Round "4.7"]
[White "Khusenkhojaev, Muhammad"]
[Black "Kolla Bhaavan"]
[Result "1-0"]
[ECO "A64"]
[WhiteElo "2366"]
[BlackElo "1679"]
[Annotator "RC"]
[PlyCount "169"]
[EventDate "2023.12.31"]
[EventType "swiss"]
[EventCountry "IND"]
[SourceTitle "playchess.com"]
[Source "ChessBase"]
[SourceQuality "1"]
[TimeControl "5400+30"]

1. d4 Nf6 2. c4 e6 3. g3 c5 4. d5 exd5 5. cxd5 d6 6. Nc3 g6 7. Bg2 Bg7 8. Nf3 O-O 9. O-O Re8 10. Nd2 a6 11. a4 Nbd7 12. h3 Rb8 13. Nc4 Ne5 14. Na3 Nh5 15. e4 Bd7 16. a5 Qxa5 17. g4 Nf6 18. f4 Nexg4 19. hxg4 Nxg4 20. f5 h5 21. Bg5 Qb4 22. Qd2 Qd4+ 23. Kh1 Qxd2 24. Bxd2 b5 25. fxg6 fxg6 26. Nd1 Ne5 27. Bf4 Rf8 28. Nc2 Rb6 29. Bxe5 Rxf1+ 30. Bxf1 Bxe5 31. Nce3 Bc8 32. Rc1 Bd7 33. Rc2 a5 34. Nf2 Bd4 35. Ned1 a4 36. Bh3 Bxh3 37. Nxh3 b4 38. Nf4 b3 39. Rg2 c4 40. Ne2 Be5 41. Nec3 Ra6 42. Nb1 Rb6 43. Na3 Rb4 44. Rxg6+ Kf7 45. Re6 Bxb2 46. Nxb2 c3 47. e5 cxb2 48. exd6 Rb7 49. Kg2 b1=Q 50. Nxb1 b2 51. Re2 Rb6 52. Re7+ Kf8 53. Re6 Rb7 54. Re4 Rd7 55. Re6 Rb7 56. Re2 Kf7 57. Kf2 Kf6 58. Re6+ Kf7 59. Re4 Rd7 60. Re6 Rb7 61. Re2 Rb5 62. Re5 Rb6 63. Re7+ Kf6 64. Re6+ Kf7 65. d7 Rb8 66. Re2 Rd8 67. Rxb2 Rxd7 68. Rb5 Kf6 69. Ke3 Ke5 70. Nc3 Ra7 71. Rb2 a3 72. Ra2 Ra5 73. Kd3 h4 74. Kc4 Ra8 75. Re2+ Kd6 76. Ne4+ Kc7 77. Kb3 h3 78. Ka2 Re8 79. Rc2+ Kd8 80. Nd6 Re3 81. Nb7+ Kd7 82. d6 h2 83. Rxh2 Kc6 84. Rd2 Rh3 85. d7 1-0

[Event "14th Chennai GM Open 2023"]
[Site "Chennai"]
[Date "2024.01.02"]
[Round "4.8"]
[White "Manik, Mikulas"]
[Black "Sriram Adarsh Uppala"]
[Result "1-0"]
[ECO "B31"]
[WhiteElo "2343"]
[BlackElo "1900"]
[Annotator "RC"]
[PlyCount "91"]
[EventDate "2023.12.31"]
[EventType "swiss"]
[EventCountry "IND"]
[SourceTitle "playchess.com"]
[Source "ChessBase"]
[SourceQuality "1"]
[TimeControl "5400+30"]

1. e4 c5 2. Nf3 Nc6 3. Nc3 Nf6 4. Bb5 g6 5. Bxc6 dxc6 6. h3 Bg7 7. d3 Nd7 8. Be3 e5 9. O-O b6 10. Nh2 Nf8 11. f4 exf4 12. Bxf4 Ne6 13. Be3 Nd4 14. Qd2 Be6 15. Rae1 Qc7 16. Bf4 Be5 17. Bxe5 Qxe5 18. b3 h6 19. Ne2 Nxe2+ 20. Rxe2 O-O-O 21. Nf3 Qg3 22. Qc3 Qc7 23. Ref2 g5 24. Qf6 Qd6 25. Ne5 Rh7 26. Nc4 Qc7 27. Qe5 b5 28. Qxc7+ Kxc7 29. Ne5 Rf8 30. Rf6 Kd6 31. Nxc6 Ra8 32. Na5 Ke5 33. c3 Rc8 34. a4 a6 35. axb5 axb5 36. Nb7 c4 37. bxc4 bxc4 38. d4+ Kxe4 39. Nd6+ Kd3 40. R1f3+ Kc2 41. Nxc8 Bxc8 42. Rxf7 Rxf7 43. Rxf7 Kxc3 44. d5 Kb2 45. Rc7 Ba6 46. d6 1-0

[Event "14th Chennai GM Open 2023"]
[Site "Chennai"]
[Date "2024.01.02"]
[Round "4.9"]
[White "Jake Shanty"]
[Black "Laxman, R.R."]
[Result "1/2-1/2"]
[ECO "A29"]
[WhiteElo "1903"]
[BlackElo "2338"]
[Annotator "RC"]
[PlyCount "93"]
[EventDate "2023.12.31"]
[EventType "swiss"]
[EventCountry "IND"]
[SourceTitle "playchess.com"]
[Source "ChessBase"]
[SourceQuality "1"]
[TimeControl "5400+30"]

1. c4 Nf6 2. Nc3 e5 3. Nf3 Nc6 4. g3 Nd4 5. Bg2 Nxf3+ 6. Bxf3 Bb4 7. Qb3 Bc5 8. d3 h6 9. Bd2 c6 10. O-O O-O 11. a3 Re8 12. e4 d6 13. Bg2 Rb8 14. Qc2 b5 15. b4 Bd4 16. cxb5 cxb5 17. Rac1 Be6 18. h3 d5 19. exd5 Nxd5 20. Ne4 Rc8 21. Qb1 Qb6 22. Rxc8 Rxc8 23. Rc1 Rc7 24. Rxc7 Nxc7 25. Qc1 Bd5 26. Be3 f5 27. Bxd4 exd4 28. Nd2 Bxg2 29. Kxg2 Qb7+ 30. Kg1 Ne6 31. h4 Qd5 32. Qc2 g5 33. hxg5 hxg5 34. Qb3 Qc6 35. Nf3 Kg7 36. Ne5 Qd6 37. Nf3 Kf6 38. Qc2 Qd5 39. Ne1 Qb7 40. Qc1 Kg6 41. Qc2 g4 42. Ng2 Kf6 43. Nf4 Nxf4 44. gxf4 Qf3 45. Qc7 Qxd3 46. Qd6+ Kf7 47. Qd7+ 1/2-1/2